 Dungeon Crawl Stone Soup version 0.22-a0-858-g985ef60 (webtiles) character file.

1048 Mgcat the Grappler (level 8, 0/80 HPs)
             Began as a Troll Fighter on July 27, 2018.
             Was a Follower of Elyvilon.
             Slain by an unseen horror (9 damage)
             ... on level 5 of the Dungeon.
             The game lasted 00:14:21 (3937 turns).

Mgcat the Grappler (Troll Fighter)                  Turns: 3937, Time: 00:14:22

Health: 0/80       AC:  5    Str: 27    XL:     8   Next: 5%
Magic:  7/7        EV:  8    Int:  4    God:    Elyvilon [*.....]
Gold:   293        SH: 10    Dex:  9    Spells: 7/7 levels left

rFire    . . .     SeeInvis .     - Unarmed
rCold    . . .     Gourm    +   b - +1 shield
rNeg     . . .     Faith    .   a - +0 robe
rPois    .         Spirit   .   (helmet restricted)
rElec    .         Reflect  .   (no cloak)
rCorr    .         Harm     .   (gloves unavailable)
MR       .....                  (boots unavailable)
Stlth    ..........             (no amulet)
HPRegen  0.63/turn              n - ring of attention (curse)
MPRegen  0.10/turn              (no ring)

@: lethally poisoned (0 -> 0), hasted, very quick
A: large, unfitting armour, claws 3, fast metabolism 3, gourmand, regeneration
1, shaggy fur 1, tough skin 2
a: Lesser Healing, Divine Protection, Renounce Religion


You were on level 5 of the Dungeon.
You worshipped Elyvilon.
Elyvilon was aware of your devotion.
You were very full.

You visited 1 branch of the dungeon, and saw 5 of its levels.
You also visited: Sewer.

You collected 293 gold pieces.

Inventory:

Armour
 a - a +0 robe (worn)
 b - a +1 shield (worn)
Magical Staves
 g - an uncursed staff of conjuration {!a}
   (You found it on level 3 of the Dungeon)
Jewellery
 n - a cursed ring of attention (left claw)
   (You found it on level 5 of the Dungeon)
Scrolls
 f - 5 scrolls of remove curse
 m - 3 scrolls of blinking {!r}
 p - a scroll of teleportation
 q - 2 scrolls of fear
 v - a scroll of immolation {!r}
Potions
 c - a potion of might
 e - 3 potions of flight
 h - a potion of brilliance {unknown}
 i - a potion of mutation {unknown}
 j - a potion of experience {unknown}
 k - a potion of lignification {unknown}
 l - 2 potions of ambrosia
 s - a potion of degeneration {unknown}
Comestibles
 d - 11 rations


   Skills:
 - Level 5.0 Fighting
 - Level 2.4 Dodging
 - Level 2.4 Shields
 + Level 8.0 Unarmed Combat


You had 7 spell levels left.
You didn't know any spells.
Your spell library was empty.

Dungeon Overview and Level Annotations

Branches:
Dungeon (5/15)
 Temple: D:4-7

Altars:
Elyvilon
Gozag
Hepliaklqana
Vehumet


Innate Abilities, Weirdness & Mutations

You are too large for most types of armour.
You have claws for hands.
Your metabolism is lightning-fast.
You like to eat raw meat.
Your natural rate of healing is unusually fast.
You are covered in fur. (AC +1)
You have very tough skin. (AC +2)


Message History

You open the door.
A scorpion, an ogre and a zombie come into view.
The ogre shouts!
The hound zombie barely misses you.
Your shield prevents you from hitting the hound zombie.
You block the hound zombie's attack.
You scratch the hound zombie.
The hound zombie is lightly damaged.
The hound zombie bites you but does no damage.
You barely miss the hound zombie.
The hound zombie is lightly damaged.
The hound zombie bites you.
You closely miss the hound zombie.
The hound zombie is lightly damaged.
You block the hound zombie's attack.
The hound zombie bites you but does no damage.
You claw the hound zombie!
The hound zombie is heavily damaged.
The hound zombie bites you but does no damage.
You scratch the hound zombie.
The hound zombie is severely damaged.
You block the hound zombie's attack.
You closely miss the hound zombie.
The hound zombie is severely damaged.
You block the hound zombie's attack.
You claw the hound zombie!
You destroy the hound zombie!
Something hits you.
Deactivating autopickup; reactivate with Ctrl-A.
Something hits you. x2; The ogre barely misses you.
The scorpion closely misses you.
There is an open door, spattered with blood here.
You closely miss the ogre. Something hits you but does no damage.
The scorpion stings you!
You are poisoned.
The scorpion poisons you! The ogre hits you with a giant club!
You are too injured to fight recklessly!
You are too injured to fight recklessly!
You are too injured to fight recklessly!
You feel sick. Something hits you.
You mangle something!!
You feel sick. Something hits you!
Quiver which item? (- for none, * to show all) (? for menu, Esc to quit)
Okay, then.
Quiver which item? (- for none, * to show all) (? for menu, Esc to quit)
Okay, then.
Unknown command.
Unknown command.
Unknown command.
You feel much better.
You feel sick. The ogre hits you with a giant club!
You claw the ogre!
The ogre is heavily wounded.
You feel sick. You block the ogre's attack.
You scratch the ogre.
The ogre is severely wounded.
You feel sick.
You barely miss the ogre.
The ogre is severely wounded.
The ogre barely misses you.
You claw the ogre!
The ogre is almost dead.
You feel sick. The ogre closely misses you.
You mangle the ogre!!
You kill the ogre!
You have reached level 8!
You feel sick. You block something's attack.
You closely miss the scorpion. You closely miss the scorpion.
You feel sick. You block the scorpion's attack.
You barely miss the scorpion. You block the scorpion's attack.
You closely miss the scorpion.
You feel sick. The scorpion stings you!
You barely miss the scorpion. The scorpion stings you.
You mangle the scorpion!!
The scorpion is almost dead.
You feel sick. The scorpion barely misses you.
You claw the scorpion!
You kill the scorpion!
Your Unarmed Combat skill increases to level 8!
Something hits you!
* * * LOW HITPOINT WARNING * * *
Something hits you!
* * * LOW HITPOINT WARNING * * *
There is an open door, spattered with blood here.
You see here a giant club.
You feel sick.
You feel much better. Something hits you.
You feel much better. Something hits you.
You closely miss something.
You feel sick. You block something's attack.
Something hits you but does no damage.
There is an open door, spattered with blood here.
You see here a giant club.
Unknown command.
Something hits you! Something hits you.
Something is blocking the doorway!
Something hits you!
You feel sick. Something hits you!
* * * LOW HITPOINT WARNING * * *
Something hits you but does no damage. Something hits you.
* * * LOW HITPOINT WARNING * * *
You scratch something. Something hits you.
* * * LOW HITPOINT WARNING * * *
You feel yourself speed up. Something hits you!
You die...

###+##...................# #.
.........................#
#...####.....####............#
#...#..##...##.[#............#
#...#...##.##...#............#
#...##...#.#...##............#
#....##)†#.#'.##.............
#.....###...###.............
##........8.{@..............
#.....###...###...#.......
#....## +#.#).##..........
#...## #.#...##.......# #...#
##.##...#.......# #...#
##...##.!#.#.....#
##..####.....####.#.....#
#................#######
#.######.........#.....#


There were no monsters in sight!

Vanquished Creatures
  An orc warrior (D:3)
  2 ogres (D:5)
  A big kobold (Sewer)
  The ghost of Daviar the Magician, an amateur DEFE (D:3)
  3 scorpions
  2 orc wizards
  A bullfrog skeleton (D:4)
  An iguana (D:4)
  3 worker ants
  A hound zombie (D:5)
  14 adders
  4 river rats
  2 worms
  8 leopard geckos
  9 orcs
  A ball python (D:3)
  9 bats
  5 giant cockroaches
  2 hobgoblins (D:3)
  13 jackals
  A quokka (D:2)
  2 frilled lizards
  9 goblins
  22 kobolds
  14 rats
131 creatures vanquished.

Notes
Turn   | Place    | Note
-------+----------+-------------------------------------------
     0 | D:1      | Mgcat the Troll Fighter began the quest for the Orb.
     0 | D:1      | Reached XP level 1. HP: 22/22 MP: 0/0
   155 | D:1      | Reached XP level 2. HP: 29/29 MP: 1/1
   515 | D:1      | Reached skill level 3 in Fighting
   825 | D:2      | Reached skill level 3 in Unarmed Combat
   825 | D:2      | Reached XP level 3. HP: 37/37 MP: 2/2
   914 | D:2      | Found a hazy altar of Hepliaklqana.
   949 | D:2      | Reached XP level 4. HP: 25/45 MP: 3/3
   955 | D:2      | HP: 11/45 [orc/short sword (3)]
  1586 | D:3      | Reached XP level 5. HP: 48/54 MP: 4/4
  1619 | D:3      | Noticed an orc warrior
  1661 | D:3      | Reached skill level 4 in Unarmed Combat
  1803 | D:3      | Found a glowing drain.
  1810 | D:3      | Reached skill level 4 in Fighting
  1944 | D:3      | Found an opulent altar of Gozag.
  2154 | D:3      | Killed an orc warrior
  2154 | D:3      | Reached XP level 6. HP: 44/63 MP: 5/5
  2212 | D:3      | Reached skill level 5 in Unarmed Combat
  2296 | D:3      | Found a runed gate.
  2299 | D:3      | Noticed Daviar's ghost (amateur DEFE)
  2333 | D:3      | Found a runed gate.
  2335 | D:3      | Found a runed gate.
  2548 | D:3      | Found a white marble altar of Elyvilon.
  2558 | D:3      | Became a worshipper of Elyvilon the Healer
  2685 | D:3      | Killed Daviar's ghost
  2944 | D:4      | Found a glowing drain.
  2977 | Sewer    | Entered a sewer
  2986 | Sewer    | Reached skill level 5 in Fighting
  2986 | Sewer    | Reached XP level 7. HP: 72/72 MP: 6/6
  3054 | Sewer    | Reached skill level 6 in Unarmed Combat
  3165 | Sewer    | Found a white marble altar of Elyvilon.
  3497 | D:4      | Reached * piety under Elyvilon
  3713 | D:5      | Entered Level 5 of the Dungeon
  3767 | D:5      | Reached skill level 7 in Unarmed Combat
  3858 | D:5      | Found a radiant altar of Vehumet.
  3918 | D:5      | Reached XP level 8. HP: 38/80 MP: 7/7
  3925 | D:5      | Reached skill level 8 in Unarmed Combat
  3926 | D:5      | HP: 14/80 [something (8)]
  3934 | D:5      | HP: 14/80 [something (10)]
  3937 | D:5      | Slain by an unseen horror

Vault maps used:
D:1:      sevenhm_arrival_forest_fort_small_4, chequers_big_river,
          amethyst_killhole
D:2:      lemuel_crystal_altar, minmay_misc_feat_encased
D:3:      lemuel_coloured_pillars_altar, gammafunk_ghost_nasty_kobolds,
          first_ration, lightli_sewer_entry_pipes, mrwooster_statue_mirror,
          nicolae_gozag_cash_rules_everything_around_me
D:4:      gup_sewer_entry_pipe, kennysheep_small_circle
D:5:      cheibrodos_barr_body, lemuel_round_altar, lemuel_round_altar
Sewer:    sewer_kobolds

Skill      XL: |  1  2  3  4  5  6  7  8 |
---------------+-------------------------+-----
Fighting       | 3 4 5 |  5.0
Unarmed Combat | 3 4 5 7 8 |  8.0
Dodging        | |  2.4
Shields        | |  2.4

Action                   |  1- 3 |  4- 6 |  7- 9 || total
-------------------------+-------+-------+-------++-------
Melee: Unarmed           |    90 |   229 |    88 ||   407
  Use: Scroll            |       |    12 |     1 ||    13
       Potion            |       |     2 |     4 ||     6
 Stab: Sleeping          |     2 |       |       ||     2
       Distracted        |     2 |       |       ||     2
       Invisible         |       |     1 |       ||     1
  Eat: Chunk             |    14 |    20 |     8 ||    42
Armor: Robe              |    25 |    34 |    20 ||    79
Dodge: Dodged            |    27 |    68 |    23 ||   118
Block: Shield            |    40 |   100 |    35 ||   175

Table legend:
 A = Spawn XP
 B = Non-spawn XP
 C = Spawn XP percentage of total XP
 D = Spawn monster count
 E = Non-spawn monster count
 F = Spawn count percentage of total count
 G = Total turns spent on level
                    A         B        C        D         E        F      G
               +---------+---------+-------+---------+---------+-------+---------
         Total |       0 |    1498 |   0.0 |       0 |     131 |   0.0 |  3937
               +---------+---------+-------+---------+---------+-------+---------
           D:1 |       0 |      39 |   0.0 |       0 |      23 |   0.0 |   818
           D:2 |       0 |     143 |   0.0 |       0 |      24 |   0.0 |   784
           D:3 |       0 |     462 |   0.0 |       0 |      50 |   0.0 |  1160
           D:4 |       0 |     264 |   0.0 |       0 |      17 |   0.0 |   720
           D:5 |       0 |     454 |   0.0 |       0 |       6 |   0.0 |   224
         Sewer |       0 |     136 |   0.0 |       0 |      11 |   0.0 |   231
               +---------+---------+-------+---------+---------+-------+---------

Vault maps used:
D:1:      sevenhm_arrival_forest_fort_small_4, chequers_big_river,
          amethyst_killhole
D:2:      lemuel_crystal_altar, minmay_misc_feat_encased
D:3:      lemuel_coloured_pillars_altar, gammafunk_ghost_nasty_kobolds,
          first_ration, lightli_sewer_entry_pipes, mrwooster_statue_mirror,
          nicolae_gozag_cash_rules_everything_around_me
D:4:      gup_sewer_entry_pipe, kennysheep_small_circle
D:5:      cheibrodos_barr_body, lemuel_round_altar, lemuel_round_altar
Sewer:    sewer_kobolds

Table legend:
 A = Turns spent in this place as a percentage of turns spent in the entire game.
 B = Non-inter-level travel turns spent in this place as a percentage of non-inter-level travel turns spent in the entire game.
 C = Inter-level travel turns spent in this place as a percentage of turns spent in this place.
 D = Turns resting spent in this place as a percentage of non-inter-level travel turns spent in this place.
 E = Turns spent auto-exploring this place as a percentage of non-inter-level travel turns spent in this place.
 F = Non-inter-level travel turns spent in this place divided by the number of levels of this place that you've seen.
                   A       B       C       D       E      F
               +-------+-------+-------+-------+-------+----------------------
         Total | 100.0 | 100.0 |   4.4 |   0.0 |  76.5 | 627.3
       Dungeon |  94.1 |  93.9 |   4.7 |   0.0 |  76.3 | 706.6
         Sewer |   5.9 |   6.1 |   0.0 |   0.0 |  78.8 | 231.0
               +-------+-------+-------+-------+-------+----------------------

Table legend:
 A = Kills in this place as a percentage of kills in entire the game.
 B = Kills by you in this place as a percentage of kills by you in the entire game.
 C = Kills by friends in this place as a percentage of kills by friends in the entire game.
 D = Other kills in this place as a percentage of other kills in the entire game.
 E = Experience gained in this place as a percentage of experience gained in the entire game.
 F = Experience gained in this place divided by the number of levels of this place that you have seen.
                   A       B       C       D       E      F
               +-------+-------+-------+-------+-------+----------------------
         Total | 100.0 | 100.0 |   N/A |   N/A | 100.0 | 249.7
       Dungeon |  91.6 |  91.6 |   N/A |   N/A |  90.9 | 272.4
         Sewer |   8.4 |   8.4 |   N/A |   N/A |   9.1 | 136.0
               +-------+-------+-------+-------+-------+----------------------
